 Dungeon Crawl Stone Soup version 0.20.1-1-g8b1a95d (webtiles) character file.

6643 equalderp2856 the Cleaver (level 10, 0/135 HPs)
             Began as a Minotaur Fighter on Aug 22, 2017.
             Slain by a killer bee (4 damage)
             ... on level 10 of the Dungeon.
             The game lasted 00:16:17 (9102 turns).

equalderp2856 the Cleaver (Minotaur Fighter)        Turns: 9102, Time: 00:16:18

Health: 0/135      AC: 16    Str: 26    XL:     10   Next: 72%
Magic:  9/9        EV:  9    Int:  6    God:
Gold:   669        SH: 12    Dex: 12    Spells: 7/9 levels left

rFire    . . .     SeeInvis .   a - +0 war axe
rCold    . . .     Gourm    .   c - +0 shield
rNeg     . . .     Faith    .   k - +0 plate armour
rPois    .         Spirit   .   E - +0 hat
rElec    .         Reflect  .   (no cloak)
rCorr    .         Harm     .   (no gloves)
MR       .....                  u - +1 pair of boots
Stlth    ..........             (no amulet)
Regen    0.4/turn               z - +2 ring of evasion
MPRegen  0.2/turn               J - ring of stealth

@: berserking (expiring), lethally poisoned (0 -> -8), very slightly
contaminated, invisible, very quick
A: retaliatory headbutt, horns 2
a: no special abilities


You were on level 10 of the Dungeon.
You were hungry.

You visited 2 branches of the dungeon, and saw 12 of its levels.

You collected 669 gold pieces.

Inventory:

Hand Weapons
 a - a +0 war axe (weapon)
Missiles
 w - 73 bolts
 T - 11 poisoned needles
Armour
 b - a +0 scale mail
 c - a +0 shield (worn)
 e - a +0 chain mail
 k - a +0 plate armour (worn)
 u - a +1 pair of boots (worn)
 E - a +0 hat (worn)
 Q - a +0 pair of boots
Jewellery
 h - an uncursed ring of magical power
 v - a +1 ring of slaying
 z - a +2 ring of evasion (left hand)
 F - an uncursed ring of resist corrosion
 G - an uncursed amulet of the gourmand {unknown}
 J - a ring of stealth (right hand)
 W - a +3 amulet of reflection {unknown}
Wands
 o - a wand of flame (19/48)
 K - a wand of lightning (10/15)
 L - a wand of scattershot (4/9)
 M - a wand of disintegration (14/24)
 S - a wand of random effects (17/48)
 V - a wand of confusion (30/48)
Scrolls
 m - a scroll of fog
 n - 5 scrolls of remove curse
 p - 11 scrolls of teleportation
 s - 11 scrolls of identify
 y - 2 scrolls of enchant weapon {unknown}
 D - 3 scrolls of magic mapping {unknown}
 I - 3 scrolls of recharging {unknown}
 P - a scroll of noise {unknown}
 R - 2 scrolls of blinking
Potions
 d - a potion of might
 g - 5 potions of flight
 j - 3 potions of haste
 r - a potion of invisibility
 A - a potion of lignification {unknown}
 B - a potion of heal wounds {unknown}
 C - a potion of ambrosia {unknown}
 H - a potion of degeneration {unknown}
 N - a potion of agility {unknown}
 O - a potion of magic {unknown}
 U - a potion of brilliance {unknown}
Books
 x - a book of Cantrips

   Spells                             Type                      Level
   a - Confusing Touch                Hexes                        1
   b - Animate Skeleton               Necromancy                   1
   c - Summon Small Mammal            Summoning                    1
   d - Apportation                    Translocation                1
Comestibles
 f - 11 bread rations
 i - 5 royal jellies
 l - 3 meat rations
 q - 19 fruits


   Skills:
 + Level 8.8 Fighting
 + Level 12.3 Axes
 + Level 9.2 Armour
 + Level 1.9 Dodging
 + Level 1.4 Stealth
 + Level 9.9 Shields


You had 7 spell levels left.
You knew the following spells:

 Your Spells              Type           Power        Failure   Level  Hunger
a - Animate Skeleton      Necr           N/A          100%        1    ##.....
b - Confusing Touch       Hex            #.....       100%        1    ##.....


Dungeon Overview and Level Annotations

Branches:
Dungeon (11/15)            Temple (0/1) D:7            Lair (1/6) D:10
    Orc: D:9-12

Altars:
Dithmenos
Fedhas
Hepliaklqana
Qazlal
The Shining One


Innate Abilities, Weirdness & Mutations

You reflexively headbutt those who attack you in melee.
You have a pair of horns on your head.


Message History

You catch the helpless killer bee completely off-guard!
You slash the killer bee! You miss the killer bee.
You block the killer bee's attack. x2; The killer bee barely misses you.
You furiously retaliate!
You headbutt the killer bee!!
You kill the killer bee!
The killer bee closely misses you.
You catch the helpless killer bee completely off-guard!
You open the killer bee like a pillowcase!!!
You kill the killer bee!
You closely miss the killer bee.
You catch the helpless killer bee completely off-guard!
You slash the killer bee!
You kill the killer bee!
* * * LOW HITPOINT WARNING * * *
You feel sick. You block the killer bee's attack.
You miss the killer bee. Your headbutt misses the killer bee.
The killer bee is lightly wounded.
* * * LOW HITPOINT WARNING * * *
You feel sick. The killer bee stings you.
You die...

##)#.## ###.....###
##([#..# ##.........##
....##.###...........##
....##..#.............##
....###........>.......#
....# #................#
....# #..#...........#.#
....####.##....y†...##.#
....#....####...@†####.#
.................#####.#
....####...).[.........#
....####......>).......#
..............[........#
..######........##.#####
.## #........##.# ##
#........##.# .#
#........##.#####


You could see a killer bee.

Vanquished Creatures
  A two-headed ogre (D:9)
  A gargoyle (D:10)
  Prince Ribbit (D:7)
  A spriggan (D:8)
  A hungry ghost (D:7)
  Menkaure (D:4)
  2 wargs (D:9)
  2 porcupines (Lair:1)
  2 water moccasins
  A black bear (D:9)
  3 ice beasts
  A phantom (D:6)
  5 orc warriors
  A sky beast (D:9)
  3 centaurs
  4 ogres
  4 big kobolds
  3 bullfrogs
  A scorpion (D:8)
  9 killer bees
  3 wights
  5 howler monkeys
  3 crimson imps
  2 quasits (D:10)
  A bullfrog zombie (D:8)
  8 hounds
  A gnoll shaman (D:9)
  10 orc priests
  2 jellies
  12 orc wizards
  Terence (D:3)
  3 iguanas
  6 worker ants
  A killer bee zombie (D:5)
  2 hound zombies
  5 gnolls (D:9)
  2 worker ant zombies
  10 adders
  An adder zombie (D:8)
  A worm (D:2)
  2 dart slugs (D:1)
  2 leopard geckos
  29 orcs
  3 giant cockroaches
  10 goblins
  6 hobgoblins
  2 jackals (D:5)
  3 quokkas
  6 bats
  5 frilled lizards
  25 kobolds
  A quokka zombie (D:6)
  6 rats
226 creatures vanquished.

Notes
Turn   | Place    | Note
-------+----------+-------------------------------------------
     0 | D:1      | equalderp2856 the Minotaur Fighter began the quest for the Orb.
     0 | D:1      | Reached XP level 1. HP: 19/19 MP: 0/0
   117 | D:1      | Reached XP level 2. HP: 26/27 MP: 1/1
   226 | D:1      | Found a glowing golden altar of the Shining One.
   881 | D:2      | Reached XP level 3. HP: 33/33 MP: 2/2
  1057 | D:2      | Reached skill level 3 in Axes
  2186 | D:3      | Reached XP level 4. HP: 40/40 MP: 3/3
  2241 | D:3      | Noticed Terence
  2244 | D:3      | Killed Terence
  2645 | D:4      | Reached XP level 5. HP: 47/47 MP: 4/4
  2749 | D:4      | Reached skill level 4 in Axes
  2749 | D:4      | Reached skill level 5 in Armour
  2823 | D:4      | Found a blossoming altar of Fedhas.
  2853 | D:4      | Noticed Menkaure
  2859 | D:4      | Killed Menkaure
  2859 | D:4      | Reached skill level 5 in Shields
  2859 | D:4      | Reached XP level 6. HP: 33/53 MP: 5/5
  2994 | D:4      | Learned a level 1 spell: Animate Skeleton
  2996 | D:4      | Learned a level 1 spell: Confusing Touch
  3226 | D:5      | Entered Level 5 of the Dungeon
  3240 | D:5      | Reached skill level 1 in Dodging
  3240 | D:5      | Reached skill level 1 in Stealth
  3264 | D:5      | Reached skill level 5 in Axes
  3544 | D:5      | Reached skill level 5 in Fighting
  3544 | D:5      | Reached XP level 7. HP: 60/61 MP: 6/6
  3559 | D:5      | Reached skill level 6 in Axes
  3706 | D:5      | Found a shadowy altar of Dithmenos.
  3950 | D:6      | Reached skill level 7 in Axes
  3959 | D:6      | Reached XP level 8. HP: 61/69 MP: 7/7
  4008 | D:6      | Found a hazy altar of Hepliaklqana.
  4213 | D:6      | Reached skill level 8 in Axes
  4550 | D:7      | Found a staircase to the Ecumenical Temple.
  4710 | D:7      | Noticed Prince Ribbit
  4722 | D:7      | Killed Prince Ribbit
  4722 | D:7      | Reached skill level 9 in Axes
  4940 | D:7      | Found a stormy altar of Qazlal.
  5190 | D:8      | Reached XP level 9. HP: 66/78 MP: 8/8
  5637 | D:8      | Reached skill level 10 in Axes
  7007 | D:10     | Entered Level 10 of the Dungeon
  7071 | D:10     | Reached skill level 11 in Axes
  7144 | D:9      | Noticed a two-headed ogre
  7378 | D:9      | Killed a two-headed ogre
  7378 | D:9      | Reached XP level 10. HP: 69/88 MP: 9/9
  8288 | D:10     | Found a staircase to the Lair.
  8488 | D:10     | Noticed a gargoyle
  8528 | D:11     | Noticed a seven-headed hydra
  8742 | D:10     | Killed a gargoyle
  8742 | D:10     | Reached skill level 12 in Axes
  8914 | Lair:1   | Entered Level 1 of the Lair of Beasts
  9099 | D:10     | HP: 5/135 [killer bee (2)]
  9102 | D:10     | Slain by a killer bee

Skill      XL: |  1  2  3  4  5  6  7  8  9 10 |
---------------+-------------------------------+-----
Fighting       | 4 5 6 8 |  8.8
Armour         | 4 5 6 7 8 9 |  9.2
Shields        | 4 5 6 7 8 9 |  9.9
Axes           | 3 4 5 7 9 11 12 | 12.3
Dodging        | 1 |  1.9
Stealth        | 1 |  1.4

Action                   |  1- 3 |  4- 6 |  7- 9 | 10-12 || total
-------------------------+-------+-------+-------+-------++-------
Melee: War axe           |   100 |    97 |   377 |   165 ||   739
       Headbutt          |    14 |    24 |    71 |    45 ||   154
  Use: Scroll            |     7 |     1 |     1 |       ||     9
       Potion            |       |       |     1 |     2 ||     3
 Stab: Invisible         |       |       |       |     3 ||     3
  Eat: Chunk             |     4 |     4 |    12 |     6 ||    26
       Royal jelly       |       |       |     1 |       ||     1
       Fruit             |       |       |     1 |       ||     1
Armor: Scale mail        |    46 |       |       |       ||    46
       Plate armour      |       |    61 |   205 |   165 ||   431
Dodge: Dodged            |    35 |    17 |    70 |    64 ||   186
Block: Shield            |    51 |    47 |   222 |   160 ||   480
